[Event "American Cup Blitz 2024"]
[Site "Saint Louis"]
[Date "2024.03.21"]
[Round "2.2"]
[White "So, Wesley"]
[Black "Hakobyan, Aram"]
[Result "1/2-1/2"]
[ECO "E41"]
[WhiteElo "2757"]
[BlackElo "2619"]
[Annotator "TA"]
[PlyCount "96"]
[EventDate "2024.03.21"]
[EventType "swiss"]
[EventCountry "USA"]
[SourceTitle "playchess.com"]
[Source "ChessBase"]
[SourceQuality "1"]
[TimeControl "180+2"]

1. d4 Nf6 2. c4 e6 3. Nc3 Bb4 4. e3 Bxc3+ 5. bxc3 c5 6. Bd3 d6 7. e4 Nc6 8. Ne2 e5 9. O-O O-O 10. h3 (10. d5 $14 Ne7 11. Ng3) 10... h6 11. Kh2 (11. d5 $14 Ne7 12. Ng3) 11... Re8 ({Black should play} 11... cxd4 $11 12. cxd4 exd4) 12. d5 $14 {[%emt 0:00:01] White is slightly better.} Ne7 13. Ng3 Ng6 14. Bc2 Bd7 15. Rb1 b6 16. Re1 Nh7 17. Nf5 Qf6 18. Rf1 Ng5 19. Qg4 {[%emt 0:00:02][%cal Of5h6] Prevents Nf4} Bxf5 (19... Kf8 $11 {keeps the balance.}) 20. exf5 $16 Nf8 {[%emt 0:00:01][%cal Bg6f8,Bf8d7,Bd7e5,Be5c4][%mdl 32] Black is weak on the light squares} ({Don't go for} 20... Nf4 $2 21. h4 Nh7 22. g3 $18) 21. h4 Ngh7 22. Re1 {[%emt 0:00:04] White is more active.} e4 23. Bxe4 (23. Rxe4 {simplifies} Rxe4 24. Qxe4 Nd7 25. Bd2) 23... Nd7 24. Qg3 Ne5 25. Bf4 Nxc4 26. Bd3 Ne5 27. Bc2 (27. Bxe5 {simplifies} Rxe5 28. Rxe5 Qxe5 29. Qxe5 dxe5 30. c4) 27... Re7 28. Re3 Rae8 29. Rbe1 b5 {[%emt 0:00:04] Repels Ba4} 30. a4 a6 31. Kg1 Kh8 32. Kh2 Nc4 33. Rxe7 Rxe7 34. Rxe7 (34. Ra1 $1 $14 b4 35. Bd3) 34... Qxe7 $11 35. axb5 axb5 36. Bd3 {[%emt 0:00:00] [#] And now Bxc4 would win.} Nf6 {[%emt 0:00:10] ...Nh5 would now be deadly.} 37. Bxc4 bxc4 38. Bxd6 {[%emt 0:00:01][%mdl 4096] Endgame. KQB-KQN} Qe4 {[%emt 0:00:01] [#]} (38... Ng4+ $1 $11 39. Qxg4 (39. Kh3 Nxf2+ 40. Qxf2 Qxd6 $11) 39... Qxd6+ 40. g3 Qxd5) 39. Bxc5 $2 ({Only move:} 39. Bf8 $1 $18 Ne8 40. Qe3 (40. Bxc5 Qxd5 41. Qb8 Qxc5 $14) 40... Qxh4+ 41. Kg1) 39... Qxf5 {[%emt 0:00:07] The position is equal.} 40. f3 {[%emt 0:00:10] Prevents Ng4+.} Nxd5 41. Bd4 f6 42. Qd6 Kh7 43. Qc6 Qf4+ 44. Kh3 Qf5+ 45. Kh2 Qf4+ 46. Kh3 Qf5+ 47. Kg3 Qf4+ 48. Kh3 Qf5+ {[%emt 0:00:00] Weighted Error Value: White=0.17 (very precise) /Black=0.15 (very precise) .  Loses game:     	---       	Black=1      Missed win:     	White=1     	---        Mistake:       	White=2     	Black=2      Inaccurate:     	White=4     	Black=3      OK:         	White=15    	Black=18     Best:        	White=2     	---} 1/2-1/2

[Event "American Cup Blitz 2024"]
[Site "Saint Louis"]
[Date "2024.03.21"]
[Round "2.3"]
[White "Gledura, Benjamin"]
[Black "Aronian, Levon"]
[Result "0-1"]
[ECO "B90"]
[WhiteElo "2616"]
[BlackElo "2722"]
[Annotator "TA"]
[PlyCount "63"]
[EventDate "2024.03.21"]
[EventType "swiss"]
[EventCountry "USA"]
[SourceTitle "playchess.com"]
[Source "ChessBase"]
[SourceQuality "1"]
[TimeControl "180+2"]

1. e4 c5 2. Nf3 d6 3. d4 cxd4 4. Nxd4 Nf6 5. Nc3 a6 6. f3 e5 7. Nb3 Be6 8. Be3 Nbd7 9. Qd2 b5 10. O-O-O Rc8 11. g4 {[%emt 0:00:16] g5 is the strong threat.} Nb6 12. Qf2 (12. g5 $14 Nh5 13. Na5) 12... Nfd7 $11 {[%emt 0:00:04][%cal Oc8c3] Black wants to play ...Rxc3! The position is equal.} 13. Kb1 {[%emt 0:00:07] [#]} (13. Nd5 $11 {remains equal.} Nc4 14. Kb1) 13... Rxc3 $1 $17 14. bxc3 Na4 15. Ka1 Qc7 16. Qd2 (16. c4 $17 {was necessary.}) 16... Nxc3 $19 (16... Qxc3+ 17. Qxc3 Nxc3 18. Re1 $11) 17. Re1 Be7 18. Qd3 d5 19. Bd2 $2 (19. exd5 {was forced.} Nxd5 20. Bd2) 19... d4 20. Bxc3 dxc3 (20... Qxc3+ 21. Qxc3 dxc3 22. Re3 $11) 21. h4 {[%emt 0:00:16] White is weak on the dark squares} Nc5 22. Qe3 Nxb3+ ({Don't do} 22... Na4 23. g5 $19) 23. cxb3 Bc5 24. Qd3 (24. Qxc3 $2 {is the wrong capture.} Bd4 $19) 24... O-O 25. Qc2 Qa5 ({Black should try} 25... Bd4 $19 {Threatens to win with ...Qd7.} 26. Rh2 Ra8) 26. Rd1 {[%emt 0:00:05] [#]} (26. Bh3 $17 {was called for.}) 26... Bd4 $1 {[%emt 0:00:04][%cal Oe6b3][%mdl 1024] Hoping for ...Bxb3! Black has strong compensation.} 27. Kb1 $2 (27. Rb1) 27... Qb4 {[%emt 0:00:13] And now ...a5 would win.} 28. g5 a5 29. Bh3 a4 $2 (29... Bc4 {aiming for ...a4.} 30. Ka1 Bxb3 31. Qxb3 (31. axb3 {leads to mate.} a4 32. Rxd4 exd4 33. bxa4 Ra8) 31... c2+ 32. Rxd4 Qxd4+ 33. Qb2 Qd1+ 34. Qc1 Rd8 (34... Qxf3 $2 35. Kb2 $19) 35. Rxd1 cxd1=Q 36. Qxd1 Rxd1+ 37. Kb2 Rd2+ 38. Kb1 Rh2) 30. Bxe6 {Black is clearly better.} fxe6 31. Rhf1 Ra8 32. f4 $2 {[%emt 0:00:06] Black took control after the opening.   Weighted Error Value: White=0.65/Black=0.36.  Loses game:     	White=2     	---        Mistake:       	White=5     	Black=1      OK:         	White=5     	Black=5      Best:        	---       	Black=4      Strong:       	---       	Black=1      Brilliant:      	---       	Black=1} (32. Rd3 $17) 0-1

[Event "American Cup Blitz 2024"]
[Site "Saint Louis"]
[Date "2024.03.21"]
[Round "2.4"]
[White "Dominguez Perez, Leinier"]
[Black "Quesada Perez, Yuniesky"]
[Result "1/2-1/2"]
[ECO "B01"]
[WhiteElo "2749"]
[BlackElo "2591"]
[Annotator "TA"]
[PlyCount "117"]
[EventDate "2024.03.21"]
[EventType "swiss"]
[EventCountry "USA"]
[SourceTitle "playchess.com"]
[Source "ChessBase"]
[SourceQuality "1"]
[TimeControl "180+2"]

1. e4 d5 2. exd5 Qxd5 3. Nc3 Qd8 4. d4 Nf6 5. Nf3 g6 6. Bc4 {[%emt 0:00:05] B01: Skandinavische Verteidigung.} Bg7 7. O-O O-O 8. Re1 a6 9. a4 b6 10. Bg5 Bb7 11. Qe2 $146 ({Predecessor:} 11. d5 Nbd7 12. Qd2 c6 13. d6 e6 14. Ne4 c5 15. Nxf6+ Bxf6 16. Bh6 Bxf3 17. Bxf8 Qxf8 18. gxf3 {1-0 Sychev,K (2572)-Prithu,G (2472) Titled Tuesday intern op 20th Apr blitz 2021 (2)}) 11... h6 12. Bh4 e6 13. Rad1 c6 14. Ne5 g5 15. Bg3 Nd5 16. Bd3 Nd7 17. Nxd5 cxd5 18. Nxd7 Qxd7 19. h4 Qe7 20. hxg5 Qxg5 21. Be5 Bxe5 22. Qxe5 Qxe5 23. Rxe5 a5 24. f4 Ba6 25. f5 Bxd3 26. Rxd3 (26. cxd3 Rac8 $11) 26... Rfe8 27. Rde3 Rac8 28. c3 (28. fxe6 $6 fxe6 29. c3 (29. Rxe6 Rxe6 30. Rxe6 Rxc2 $16) 29... Kf7 $16) 28... Rc4 (28... Rb8 $16 29. fxe6 fxe6) 29. fxe6 $18 fxe6 30. Rxe6 Rxe6 31. Rxe6 Rxa4 32. Rxb6 Ra2 (32... Ra1+ {ist wohl besser.} 33. Kh2 Rb1 34. Rxh6 Rxb2) 33. Kf2 $18 (33. Rxh6 Rxb2 34. Ra6 Ra2 $16) 33... a4 34. Kf3 (34. Rxh6 Rxb2+ 35. Ke3 Rc2 $14) 34... Kg7 35. g4 Ra1 36. Kf4 Rb1 37. Rb4 (37. Kf5 $2 a3 38. Rb7+ (38. Rg6+ $2 Kh7 $19) 38... Kf8 $19) 37... Kf6 38. Rxa4 (38. Rb6+ Kg7 39. Rb4 (39. Kf5 $2 a3 $19) 39... Kf6 40. Rxa4 (40. Rb6+ Kf7 $18) 40... Rf1+ 41. Ke3 Kg5) 38... Rxb2 $2 (38... Rf1+ 39. Ke3 Kg5) 39. Ra6+ $18 Kg7 40. Ke5 Rc2 41. Rc6 (41. Kxd5 Rxc3 42. Re6 Rc8 $11) 41... Rg2 42. Kxd5 Rxg4 43. c4 Rg5+ 44. Ke4 h5 45. Ra6 $2 ({Weiss kommt nicht vorbei an} 45. Rc7+ $18 Kf6 46. c5) 45... h4 $2 (45... Rg4+ $11 46. Kd3 h4) 46. Ra3 $18 Kf7 47. c5 $2 ({Besser ist} 47. Rh3 $18 Rh5 48. Kf4) 47... Rh5 $1 $11 48. Ra7+ Ke6 49. d5+ Kf6 $1 50. c6 h3 51. c7 (51. Ra1 $5 Ke7 $8 52. Ra7+ Ke8 53. Ra8+ Ke7 54. Ra7+ Ke8 55. Ra8+ Ke7 56. Ra7+ $11) 51... Rh8 $1 52. Ra2 Ke7 53. Ke5 Kd7 54. d6 Rh5+ 55. Kf4 (55. Kd4 $5 Rh8 $8 (55... h2 56. Ra8 Rh4+ 57. Kd3 Rh3+ 58. Kd2 Kxd6 59. c8=Q) 56. Kd5 (56. Rh2 Kxd6 $11) 56... Rh5+ 57. Kc4 $11 (57. Kd4 Rh8 $11)) 55... h2 56. Rc2 (56. Ra8 $5 Rc5 $8 57. Rd8+ Ke6 58. Rh8 $11) 56... Rh8 ({Nicht} 56... h1=R 57. c8=Q+ (57. c8=R R5h4+ 58. Kf5 Rf1+ 59. Ke5 Re1+ 60. Kf5 Rf1+ 61. Ke5 Re1+ 62. Kf5 Rh5+ 63. Kg4 Rb5 $11) 57... Kxd6 58. Rc6+ Ke7 59. Rc7+ Kf6 60. Qa6#) 57. c8=Q+ Rxc8 58. Rxh2 Kxd6 59. Ke4 1/2-1/2

[Event "American Cup Blitz 2024"]
[Site "Saint Louis"]
[Date "2024.03.21"]
[Round "2.5"]
[White "Quesada Perez, Yasser"]
[Black "Le, Quang Liem"]
[Result "1/2-1/2"]
[ECO "B30"]
[WhiteElo "2584"]
[BlackElo "2731"]
[Annotator "TA"]
[PlyCount "114"]
[EventDate "2024.03.21"]
[EventType "swiss"]
[EventCountry "USA"]
[SourceTitle "playchess.com"]
[Source "ChessBase"]
[SourceQuality "1"]
[TimeControl "180+2"]

1. e4 c5 2. Nf3 Nc6 3. Nc3 e5 4. Bc4 Be7 5. d3 d6 6. a3 Nf6 7. O-O O-O 8. h3 Be6 9. Nd5 Bxd5 10. exd5 Nb8 11. b4 Nbd7 12. Ba2 Re8 13. Re1 Bf8 14. Rb1 g6 15. Bb2 (15. Ng5 $14) 15... Bg7 16. Ba1 Rc8 17. Nd2 (17. Ng5 $5) 17... b6 18. Bc4 Rc7 19. Qf3 h6 {[%emt 0:00:04] Black is weak on the light squares} (19... cxb4 $11 20. axb4 Bh6) 20. Bb5 $1 $16 Rf8 21. Bc6 {[%emt 0:00:08] White is much more active.} Nb8 {[%emt 0:00:09] [#]} 22. bxc5 $1 Nxc6 23. cxb6 axb6 24. dxc6 Qa8 25. Nc4 (25. Rxb6 Qa5 26. Rb4 Qxa3 $14) 25... Qxc6 26. Qxc6 Rxc6 27. Rxb6 Rxb6 28. Nxb6 Rb8 {[%emt 0:00:09] [#]} 29. Nc4 Ne8 30. a4 Ra8 31. a5 (31. Nb6 $142 Ra6 32. Rb1) 31... f6 (31... d5 $16 32. Nxe5 Rxa5) 32. Bc3 $18 Bf8 33. Rb1 {[%emt 0:00:08] Threatens to win with Rb7.} d5 (33... Ra7 {was called for.} 34. Rb8 Kf7) 34. Nb6 $1 Rb8 35. a6 $2 (35. Bb4 $18 {Strongly threatening Bxf8.} Nc7 36. Bxf8 Rxf8 37. Nd7) 35... Nc7 $14 36. a7 ({White should try} 36. Rb2 $16 {And now a7 would win.} Ba3 37. a7 (37. Bxe5 $2 fxe5 38. a7 Rb7 $19)) 36... Rb7 $11 37. d4 (37. a8=B $2 {too greedy.} Nxa8 38. Ba5 Bc5 $19) 37... e4 38. Bd2 Rxa7 (38... Na8 {with more complications.} 39. Rb5 Rxb6 40. Rxd5 Be7) 39. Bf4 {[%emt 0:00:02] Black must now prevent Bxc7.} Kf7 40. Bxc7 Rxc7 41. Nxd5 Rxc2 {[%emt 0:00:01][%mdl 4096] Endgame. KRB-KRN} 42. Rb7+ Ke6 43. Ne3 Rc1+ 44. Kh2 Bd6+ 45. g3 f5 46. Kg2 Ra1 47. Rh7 h5 48. Rg7 Kf6 49. Rd7 Bf8 50. h4 Ra6 51. Nc4 Ke6 52. Rb7 (52. Rh7 $11) 52... Bd6 ({Better is} 52... Kd5 $17 53. Rb8 Bg7 (53... Kxc4 54. Rxf8 Kxd4 55. Rd8+ Ke5 56. Rb8 $11) 54. Ne3+ Kxd4) 53. Rg7 {[%emt 0:00:04] The position is equal.} Kf6 54. Rd7 Ke6 55. Rg7 Kf6 56. Rd7 Ke6 57. Rg7 Kf6 $1 {[%emt 0:00:01] Weighted Error Value: White=0.18 (very precise) /Black=0.19 (very precise) .  Missed win:     	White=1     	---        Mistake:       	White=4     	Black=4      Inaccurate:     	White=2     	Black=4      OK:         	White=23    	Black=16     Best:        	White=5     	Black=3      Strong:       	White=2     	Black=1} 1/2-1/2

[Event "American Cup Blitz 2024"]
[Site "Saint Louis"]
[Date "2024.03.21"]
[Round "2.6"]
[White "Sevian, Samuel"]
[Black "Antipov, Mikhail Al."]
[Result "1-0"]
[ECO "C77"]
[WhiteElo "2697"]
[BlackElo "2573"]
[Annotator "TA"]
[PlyCount "107"]
[EventDate "2024.03.21"]
[EventType "swiss"]
[EventCountry "USA"]
[SourceTitle "playchess.com"]
[Source "ChessBase"]
[SourceQuality "1"]
[TimeControl "180+2"]

1. e4 e5 2. Nf3 Nc6 3. Bb5 Nf6 4. Qe2 a6 5. Ba4 b5 6. Bb3 Bc5 7. c3 d6 8. O-O h6 9. Rd1 Qe7 10. d3 Bb6 {[%emt 0:00:03] The position is equal.} 11. Nbd2 Be6 12. Bc2 Nb8 {[%emt 0:00:27] [#]} (12... O-O $11 {keeps the balance.}) 13. a4 $1 $16 c6 14. axb5 cxb5 15. d4 O-O (15... Qc7 $142) 16. h3 (16. dxe5 $142 dxe5 17. Nxe5) 16... Bc8 (16... exd4 $142 17. Nxd4 (17. cxd4 Nc6 $11) 17... Bxd4 18. cxd4 Nc6) 17. Nf1 Nc6 18. Ng3 Re8 19. Be3 Rb8 20. Nh4 exd4 21. cxd4 Nb4 (21... g6 $16 {keeps fighting.} 22. Nf3 (22. Bxh6 Nxd4 23. Rxd4 Bxd4 $17) 22... Kh7) 22. Nhf5 $18 Qf8 (22... Bxf5 $142 23. Nxf5 Qe6) 23. Bb1 Bb7 $2 (23... Bxf5 24. Nxf5 Kh8) 24. d5 Bxe3 25. Nxe3 ({Much less strong is} 25. fxe3 $6 g6 $18) 25... Rbc8 26. Qd2 a5 27. Rxa5 Na6 28. Rxb5 Rc7 29. b4 Rb8 30. Bd3 Bc8 31. Ra1 Rxb5 32. Bxb5 Nb8 33. Rc1 Qd8 34. Bc6 Re7 35. Qd4 Na6 36. Bb5 Nc7 (36... h5 $142 37. f3 Nxb4 38. Qxb4 Ne8 39. Bxe8 (39. Nxh5 Rc7 $18) 39... Rxe8) 37. Bd3 Bd7 (37... Nce8 $142 38. f4 Rc7) 38. Qb6 Nfe8 39. Ngf5 Bxf5 40. Nxf5 Re5 41. b5 h5 42. f4 Rxf5 43. exf5 Qe7 44. Qd4 {[%emt 0:00:01] aiming for b6.} Na8 45. b6 Qb7 {[%emt 0:00:01] Prevents Rc8.} 46. Rb1 Nf6 {[%emt 0:00:02] [#]} 47. Ba6 $1 Qxa6 (47... Qb8 48. b7) 48. b7 {[%emt 0:00:01] White mates.} Nd7 49. b8=Q+ Nxb8 50. Rxb8+ Kh7 51. f6 g6 {[%emt 0:00:01][%cal Bg7g6,Bg6g5][%mdl 32] [#]} 52. f5 $1 g5 53. Qe3 h4 {[%emt 0:00:09] [#]} 54. Rh8+ $3 {[%emt 0:00:04][%mdl 33280] Black did not feel at home in the position after the opening.   Weighted Error Value: White=0.33/Black=0.50.  Mistake:       	White=1     	Black=8      Inaccurate:     	White=2     	Black=3      OK:         	White=10    	Black=8      Best:        	White=1     	---        Strong:       	White=1     	---       . Loss on time!?} 1-0

[Event "American Cup Blitz 2024"]
[Site "Saint Louis"]
[Date "2024.03.21"]
[Round "2.7"]
[White "Kevlishvili, Robby"]
[Black "Robson, Ray"]
[Result "1-0"]
[ECO "B90"]
[WhiteElo "2524"]
[BlackElo "2696"]
[Annotator "TA"]
[PlyCount "101"]
[EventDate "2024.03.21"]
[EventType "swiss"]
[EventCountry "USA"]
[SourceTitle "playchess.com"]
[Source "ChessBase"]
[SourceQuality "1"]
[TimeControl "180+2"]

1. e4 c5 2. Nf3 d6 3. d4 cxd4 4. Nxd4 Nf6 5. Nc3 a6 6. Be3 Ng4 7. Bc1 Nf6 8. Rg1 h5 9. h3 g6 10. Be3 Nc6 (10... b5 $11) 11. Qd2 {[%emt 0:00:06] White is more active.} Bg7 12. O-O-O Bd7 13. Kb1 Rc8 14. f3 h4 15. Bd3 b5 16. f4 Nh5 17. Nce2 Nxd4 18. Bxd4 e5 19. Be3 exf4 20. Nxf4 Qf6 (20... Nxf4 $11 21. Bxf4 Be5) 21. c3 $16 {[%emt 0:00:12] Hoping for Bc2.} Nxf4 22. Bxf4 O-O 23. Rgf1 Bc6 {[%emt 0:00:07] White stays focused until the end.} (23... Rfe8 $14) 24. Bc2 Qe6 25. Bxd6 {[%emt 0:00:19] [#] And now Ka1 would win.} Rfe8 (25... Rcd8 $142) 26. Bb3 $36 {[%emt 0:00:25][%mdl 2048] White is in control.} Bxe4+ 27. Ka1 Rc4 28. Bc5 (28. Bxc4 Qxc4 29. Ba3 a5 $16) 28... Qc6 $2 (28... a5 $16 29. Bd4 (29. Bxc4 Qxc4 30. Qd7 Ra8 $16) 29... Bxd4 30. cxd4 Qd5) 29. Bxc4 $18 bxc4 30. Qf2 f5 (30... Bf5 31. Bd4 Re4) 31. Rfe1 $2 (31. Rd6 Qc8 32. Rxg6) 31... Rb8 $2 (31... Be5 {is tougher.}) 32. Bd4 g5 33. Bxg7 Kxg7 34. Qd4+ (34. g4 $142) 34... Kg6 35. Qe5 Rb6 36. Rd8 Qf6 37. Rg8+ Kh7 38. Qe8 Re6 39. Qb8 Bxg2 $2 (39... a5 40. Rf8 Qg7) 40. Rxe6 Qxe6 {[%emt 0:00:01][%mdl 4096] Endgame. KQR-KQB} 41. Rh8+ (41. Rxg5 $2 Qe1#) 41... Kg6 42. Rg8+ Kh7 $1 43. Rh8+ (43. Rxg5 $2 Qe1#) (43. Re8 $142 Qd7 44. Rd8) 43... Kg6 44. a3 {[%emt 0:00:02] White wants to mate with Qf8.} f4 45. Rg8+ $2 (45. Qf8 {mates} Qf7 46. Rh6+ Kf5 47. Qxf7+ Ke4 48. Qb7+ (48. Rxa6 Ke3 49. Qe7+ Kf2 50. Qxg5 Kg1 51. Qxf4 Bxh3 52. Rg6+ Bg2 53. Qf3 h3 54. Qxh3 Kf1 55. Rxg2 Ke1 56. Qh1#) (48. Qxc4+ Ke3 49. Qd4+ Kf3 50. Qd5+ Kf2 51. Qxg5 f3 52. Qxh4+ Kf1) 48... Ke3 49. Qxg2 Kd3 50. Rd6+ (50. Qxg5 Ke4 51. Re6+ Kf3 52. Qg4+ Kf2 53. Re2+ Kf1 54. Qg2#) 50... Ke3 51. Re6+ Kd3 52. Qe2#) 45... Kh7 $2 {[%emt 0:00:01] [#]} (45... Kh5 $18) 46. Rxg5 Be4 47. Qf8 (47. Qc7+ $142 Qd7 48. Qxd7+ Kh8 49. Qg7#) 47... Bg6 {[%emt 0:00:01] White is clearly winning.} 48. Rg1 (48. Qxf4 $2 {gets mated.} Qe1+ (48... Qxh3 $2 {too greedy.} 49. Rg1 $18) (48... Qxh3 $2 {loses.} 49. Rg1 $18)) 48... Qe3 49. Rd1 Qxh3 50. Qxf4 Kg7 51. Qe5+ {[%emt 0:00:01] Weighted Error Value: White=0.73/Black=0.71.  Mistake:       	White=1     	Black=8      Inaccurate:     	White=3     	Black=3      OK:         	White=10    	Black=8      Best:        	White=4     	Black=7} 1-0

[Event "American Cup Blitz 2024"]
[Site "Saint Louis"]
[Date "2024.03.21"]
[Round "2.8"]
[White "Shankland, Sam"]
[Black "Akobian, Varuzhan"]
[Result "0-1"]
[ECO "A90"]
[WhiteElo "2674"]
[BlackElo "2571"]
[Annotator "TA"]
[PlyCount "102"]
[EventDate "2024.03.21"]
[EventType "swiss"]
[EventCountry "USA"]
[SourceTitle "playchess.com"]
[Source "ChessBase"]
[SourceQuality "1"]
[TimeControl "180+2"]

1. d4 e6 2. c4 f5 3. g3 Nf6 4. Bg2 d5 5. Nf3 c6 6. O-O Bd6 7. b3 Qe7 8. Bb2 O-O 9. Ne5 Nbd7 10. Nd2 Ne4 11. Ndf3 Nxe5 {[%emt 0:00:10] A90: Holländische Verteidigung (Klassisches System, Stonewall und Varianten mit Lb4).} 12. Nxe5 Bd7 13. e3 Be8 14. f3 Nf6 15. a4 a5 16. Qc1 $146 ({Predecessor:} 16. Qd2 Nd7 17. Nd3 Bg6 18. Qe2 Rae8 19. Rac1 dxc4 20. bxc4 e5 21. c5 Bc7 22. Qd2 {1-0 Novak,V (2417)-Manduch,M (2385) USA C email ICCF email 2015}) 16... Nd7 17. Nd3 Bf7 18. f4 Bh5 19. Re1 Nf6 20. Ba3 Ne4 21. Bxd6 Qxd6 22. Qa3 Qd8 23. Rac1 h6 24. Ne5 Kh7 (24... Nf6 $14) 25. cxd5 (25. Bxe4 $16 dxe4 26. Rb1) 25... exd5 $14 26. Bxe4 fxe4 27. Rf1 Re8 28. Rc2 Qe7 ({Günstiger ist} 28... Re7 $14) 29. Qxe7 $16 Rxe7 30. g4 Be8 31. h4 Ra6 (31... g6 $16 32. f5 Bf7) 32. h5 (32. f5 $18) 32... Rb6 $16 33. Rc3 Kg8 34. Kg2 Rb4 (34... Re6 $16 35. Kg3 Kf8) 35. Kg3 (35. f5 $18) 35... Rb6 {[%emt 0:00:09] [#]} (35... Re6 $16 {war nötig.} 36. f5 Rd6) 36. f5 $1 $18 Ra6 37. f6 gxf6 38. Rxf6 Kg7 {[%emt 0:00:00] [#]} 39. Rd6 $1 Ra8 40. Rc1 Bf7 41. Rf1 Rf8 $2 (41... Be6 42. Kh4 c5) 42. Rdf6 $18 Rc7 43. Kh4 (43. g5 $142 Bxh5 44. gxh6+ (44. Rxf8 Bf3 $18) 44... Kh7 45. Rxf8) 43... Re7 44. g5 hxg5+ 45. Kxg5 c5 46. h6+ Kg8 47. Rxf7 $2 (47. Ng6 {setzt Matt} Rc7 48. Nxf8 Kxf8 49. h7 Kg7 50. Rxf7+ Rxf7 51. Rxf7+ Kxf7 52. h8=Q (52. h8=R cxd4 53. exd4 Ke6 $18)) 47... Rexf7 $14 48. Rxf7 $4 (48. Nxf7 $11 Rxf7 49. Rd1 (49. Rxf7 $2 Kxf7 50. dxc5 d4 $19)) 48... Rxf7 $19 49. Nxf7 Kxf7 50. dxc5 d4 $1 51. Kf4 d3 0-1